 Dungeon Crawl Stone Soup version 0.14-a0-1570-g671a4b6 (webtiles) character file.

99 M4edhros the Insei (level 3, -1/23 HPs)
             Began as an Octopode Transmuter on Dec 21, 2013.
             Killed by nerve-wracking pain
             ... invoked by Jessica
              (4 damage)
             ... on Level 2 of the Dungeon.
             The game lasted 00:01:06 (776 turns).

M4edhros the Insei (Octopode Transmuter)             Turns: 776, Time: 00:01:07

HP  -1/23        AC  1     Str  9      XL: 3   Next: 27%
MP   6/6         EV  7     Int 16      God:
Gold 67          SH 19     Dex 12      Spells:  1 memorised,  5 levels left

rFire  . . .     SeeInvis +       - Unarmed
rCold  . . .     Clarity  .     f - +0 orc large shield
rNeg   . . .     Conserve .     (helmet restricted)
rPois  .         rCorr    .     (no amulet)
rElec  .         rRot     .     (no ring)
SustAb . .       Spirit   .     (no ring)
rMut   .         Warding  .     (no ring)
Saprov . . .     Stasis   .     (no ring)
                                (no ring)
                                (no ring)
                                (no ring)
                                (no ring)

@: not resistant to hostile enchantments, fairly stealthy
A: almost no armour, amphibious, 8 rings, constrict 8, camouflage 1, see
invisible, gelatinous body 1
a: no special abilities


You were on level 2 of the Dungeon.
You were not hungry.

You visited 1 branch of the dungeon, and saw 2 of its levels.

You collected 67 gold pieces.

Inventory:

Missiles
 b - 12 arrows
Armour
 f - a +0 orcish large shield (worn)
Comestibles
 a - 2 bread rations
 g - a meat ration
 i - a pear
Scrolls
 e - a scroll of fear {unknown}
 h - a scroll of teleportation {unknown}
Jewellery
 c - an uncursed ring of protection from cold {unknown}
Books
 d - a book of Changes

   Spells                             Type                      Level
   *Beastly Appendage                 Transmutation                1
   Sticks to Snakes                   Transmutation                2
   Spider Form                        Transmutation/Poison         3
   Ice Form                           Ice/Transmutation            4
   Blade Hands                        Transmutation                5


   Skills:
 - Level 1.0 Fighting
 - Level 2.0 Dodging
 + Level 4.2 Unarmed Combat
 - Level 2.0 Spellcasting
 - Level 2.0 Transmutations


You had 5 spell levels left.
You knew the following spells:

 Your Spells              Type           Power        Failure   Level  Hunger
a - Beastly Appendage     Trmt           #.....       100%        1    #......


Dungeon Overview and Level Annotations

Branches:
Dungeon (2/16)

Altars:

Annotations:
D:2 Jessica, Terence


Innate Abilities, Weirdness & Mutations

You cannot wear most types of armour.
You are amphibious.
You can wear up to eight rings at the same time.
You can use your tentacles to constrict many enemies at once.
Your skin changes colour to match your surroundings (Stlth).
Your rubbery body absorbs attacks (AC +1).
You have supernaturally acute eyesight.


Message History

Jessica mumbles something strange.
Jessica points at you and mumbles some strange words.
Pain shoots through your body! You block Jessica's attack.
You hit Jessica. You grab Jessica.
Jessica is moderately wounded.
You constrict Jessica, but do no damage.
Jessica points at you and mumbles some strange words.
Pain shoots through your body!
* * * LOW HITPOINT WARNING * * *
You block Jessica's attack.
You hit Jessica but do no damage.
Jessica is moderately wounded.
You constrict Jessica.
Jessica mumbles some strange words.
Jessica blinks free!
Unknown command.
Jessica points at you and mumbles some strange words.
Pain shoots through your body!
You die...

#. ### # .##.# ##.####.##
..... ##........# #...#
##.....##..# #...#
#..........# #...#
#....§..#
####...#####)#..@#.##.#
........@....##..@....#
.........#.......#......(..
.............###.#.####....
####...#####.###.#.# ...
#....§..# #.......# #.#
#.#...#.# #####.########.#
#.#...#@# #.#......#.##
##.....#.# #.#.####....##


You could see Jessica.

Vanquished Creatures
  A gnoll (D:2)
  2 giant geckos (D:1)
  An ooze (D:1)
  3 bats
  A giant cockroach (D:1)
  2 hobgoblins (D:1)
  2 kobolds (D:1)
  2 goblins (D:1)
  7 rats (D:1)
21 creatures vanquished.

Notes
Turn   | Place    | Note
--------------------------------------------------------------
     0 | D:1      | M4edhros, the Octopode Transmuter, began the quest for the Orb.
     0 | D:1      | Reached XP level 1. HP: 13/13 MP: 3/3
   357 | D:1      | Reached XP level 2. HP: 18/18 MP: 4/4
   522 | D:1      | Reached skill level 4 in Unarmed Combat
   744 | D:2      | Noticed Jessica
   748 | D:2      | Noticed Terence
   770 | D:2      | Reached XP level 3. HP: 16/23 MP: 6/6
   771 | D:2      | Gained mutation: You have supernaturally acute eyesight. [potion of beneficial mutation]
   776 | D:2      | Killed from afar by Jessica

Action                   || total
-------------------------++-------
Melee: Unarmed           ||    54
 Cast: Beastly Appendage ||     1
  Use: Potion            ||     1
 Stab: Sleeping          ||     2
